 Dungeon Crawl Stone Soup version 0.31-a0-233-g139696dc86 (webtiles) character file.

Game seed: 4371023114937016287

9 Demosthentine the Ducker (level 2, 22/22 HPs)
             Began as a Demonspawn Gladiator on July 8, 2023.
             Got out of the dungeon alive.
             The game lasted 00:00:23 (187 turns).

Demosthentine the Ducker (Demonspawn Gladiator)      Turns: 187, Time: 00:00:24

Health: 22/22      AC:  4    Str: 14    XL:     2   Next: 6%
Magic:  2/2        EV: 12    Int:  9    God:
Gold:   0          SH:  0    Dex: 14    Spells: 1/1 levels left

rFire   . . .        a - +0 trident
rCold   . . .        (no shield)
rNeg    . . .        b - +0 leather armour
rPois   .            c - +0 helmet
rElec   .            (no cloak)
rCorr   .            (no gloves)
SInv    .            (no boots)
Will    .....        (no amulet)
Stlth   +            (no ring)
HPRegen 0.23/turn    (no ring)
MPRegen 0.08/turn

%: no passive effects
@: no status effects
A: claws 1
a: no special abilities


You escaped.
You visited 1 branch of the dungeon, and saw 1 of its levels.

Inventory:

Hand Weapons
 a - a +0 trident (weapon)
Missiles
 d - 3 throwing nets (quivered)
 e - a javelin
Armour
 b - a +0 leather armour (worn)
 c - a +0 helmet (worn)
Scrolls
 g - a scroll of teleportation {unknown}
Potions
 f - a potion of degeneration {unknown}
 h - a potion of attraction {unknown}


   Skills:
 + Level 2.2 Fighting
 + Level 2.8 Polearms
 - Level 1.7 Throwing
 + Level 0.5 Armour
 + Level 2.8 Dodging


You had one spell level left.
You didn't know any spells.
Your spell library contained the following spells:

 Spells                   Type           Power      Damage    Failure   Level
 Olgreb's Toxic Radiance  Pois           0%         N/A       99%         4
 Discord                  Hex            0%         N/A       100%        8
 Ignition                 Fire           0%         3d3       100%        8


Dungeon Overview and Level Annotations

Branches:
Dungeon (1/15)

Altars:


Innate Abilities, Weirdness & Mutations

You have sharp fingernails.


Message History

You miss the frilled lizard. The frilled lizard bites you. The bat hits you.
You barely miss the frilled lizard. The bat hits you but does no damage.
The bat misses you. The frilled lizard closely misses you.
The bat hits you but does no damage.
You closely miss the frilled lizard. The bat hits you but does no damage.
The frilled lizard closely misses you.
You miss the frilled lizard.
The frilled lizard bites you but does no damage.
The bat hits you but does no damage. The frilled lizard barely misses you.
You hit the bat.
You kill the bat!
The frilled lizard bites you but does no damage.
You miss the frilled lizard.
The frilled lizard completely misses you.
You hit the frilled lizard.
You kill the frilled lizard!
You have reached level 2!
Your demonic ancestry asserts itself...
Your fingernails lengthen.
A bat comes into view.
A bat is nearby!
A bat is nearby!
The bat hits you.
Unknown command.
You reach to attack!
You hit the bat.
The bat is moderately wounded.
The bat misses you.
You reach to attack!
You hit the bat but do no damage.
The bat is moderately wounded.
The bat barely misses you.
You reach to attack!
You hit the bat.
You kill the bat!
No target in view!
No target in view!
You see here a +0 rapier.
There is a large open door here.
There is an open door here.
There is a staircase leading out of the dungeon here.
Are you sure you want to leave the Dungeon?
This will make you lose the game!
You have escaped!

#.# #....#
#.# ######
#.# #.# ##.#
#..# #.##
#.###########
#.###@#8#÷#8#
#.#8#'#.#+#.#
#.'..........
#.'..........
###8#'#.#+#.#
###÷#8#÷#8#
##########


There were no monsters in sight!

Vanquished Creatures
  3 bats (D:1)
  An endoplasm (D:1)
  A goblin (D:1)
  A hobgoblin (D:1)
  A frilled lizard (D:1)
  A kobold (D:1)
8 creatures vanquished.

Notes
Turn   | Place    | Note
-------+----------+-------------------------------------------
     0 | D:1      | Demosthentine the Demonspawn Gladiator began the quest for
                  | the Orb.
     0 | D:1      | Reached XP level 1. HP: 16/16 MP: 1/1
   131 | D:1      | Gained mutation: You have sharp fingernails. [demonic
                  | ancestry]
   131 | D:1      | Reached XP level 2. HP: 20/22 MP: 2/2
   187 | D:$      | Got out of the dungeon alive.

Illustrated notes

Levels and vault maps discovered:
D:1:      wander_arrival_abandoned_jail, layout_basic

Action                     || total
---------------------------++-------
  Melee: Trident           ||    33
         Punch             ||     1
 Armour: Leather armour    ||    13
  Dodge: Dodged            ||    16

Table legend: (Time is in decaauts)
 A = Elapsed time spent in this place.
 B = Non-inter-level travel time spent in this place.
 C = Inter-level travel time spent in this place.
 D = Time resting spent in this place.
 E = Time spent auto-exploring this place.
 F = Levels seen in this place.
 G = Mean time per level.
                   A        B        C        D        E       F      G
               +--------+--------+--------+--------+--------+-----+--------+
         Total |    192 |    192 |      0 |      0 |     80 |   1 |  192.0 |
       Dungeon |    192 |    192 |      0 |      0 |     80 |   1 |  192.0 |
               +--------+--------+--------+--------+--------+-----+--------+

Top non-repeatable levels by time:
     D:1: 192 daAuts
